 Dungeon Crawl Stone Soup version 0.18.1-50-g88ac8fd (webtiles) character file.

91 magog001 the Shield-Bearer (level 4, -5/35 HPs)
             Began as a Formicid Fighter on Oct 23, 2017.
             Slain by a wyvern skeleton (12 damage)
             ... on level 3 of the Dungeon.
             The game lasted 00:08:02 (1743 turns).

magog001 the Shield-Bearer (Formicid Fighter)       Turns: 1743, Time: 00:08:02

Health: -5/35      AC:  7    Str: 26    XL:     4   Next: 88%
Magic:  4/4        EV:  8    Int:  8    God:
Gold:   92         SH: 10    Dex: 10    Spells: 0 memorised, 3 levels left

rFire  . . .     SeeInvis +     a - +0 war axe
rCold  . . .     Gourm    .     b - +0 scale mail
rNeg   . . .     Faith    .     c - +0 shield
rPois  .         Spirit   .     (helmet unavailable)
rElec  .         Dismiss  .     (no cloak)
rCorr  .         Reflect  .     (no gloves)
SustAt .         Harm     .     (no boots)
MR     .....                    (no amulet)
Stlth  ..........               (no ring)
                                (no ring)

@: mighty, not resistant to hostile enchantments, extremely unstealthy
A: permanent stasis, dig shafts and tunnels, four strong arms, antennae 3
a: Dig, Shaft Self


You were on level 3 of the Dungeon.
You were not hungry.

You visited 1 branch of the dungeon, and saw 3 of its levels.

You collected 92 gold pieces.

Inventory:

Hand Weapons
 a - a +0 war axe (weapon)
Missiles
 g - 3 javelins (quivered)
 k - 36 sling bullets
Armour
 b - a +0 scale mail (worn)
 c - a +0 shield (worn)
 n - a +0 ring mail of fire resistance
Scrolls
 i - a scroll of identify {unknown}
 j - 2 scrolls of fear {unknown}
 l - a scroll of magic mapping {unknown}
 m - a scroll of recharging {unknown}
 r - a scroll of enchant weapon {unknown}
 s - a scroll of enchant armour {unknown}
Potions
 e - a potion of curing {unknown}
 o - a potion of degeneration {unknown}
 p - a potion of brilliance {unknown}
 q - a potion of magic {unknown}
Comestibles
 f - 3 bread rations
 h - a chunk of flesh


   Skills:
 * Level 3.5 Fighting
 * Level 2.8 Axes
 * Level 4.1 Armour
 + Level 0.8 Dodging
 * Level 4.4 Shields


You had 3 spell levels left.
You didn't know any spells.

Dungeon Overview and Level Annotations

Branches:
Dungeon (3/15)

Altars:
Ashenzari


Innate Abilities, Weirdness & Mutations

You are under a permanent stasis effect.
You can dig through walls and to a lower floor.
Your four strong arms can wield two-handed weapons with a shield.
You have a pair of large antennae on your head (SInv).


Message History

s - a scroll labeled WEQ CACWEBY A wyvern skeleton comes into view.
Found an escape hatch in the floor.
The wyvern skeleton bites you.
You hit the wyvern skeleton.
The wyvern skeleton bites you but does no damage.
You block the wyvern skeleton's attack.
Your shield and scale mail prevent you from hitting the wyvern skeleton.
The wyvern skeleton bites you.
Your shield prevents you from hitting the wyvern skeleton.
You block the wyvern skeleton's attack. The wyvern skeleton bites you.
You barely miss the wyvern skeleton. The wyvern skeleton bites you!
The wyvern skeleton barely misses you.
You slash the wyvern skeleton! The wyvern skeleton bites you!
* * * LOW HITPOINT WARNING * * *
You block the wyvern skeleton's attack.
Drink which item? (? for menu, Esc to quit)
You feel very mighty all of a sudden. The wyvern skeleton bites you!
You die...

..........#
##............#
...#.##.###
######.......# ..
.. ..# #.......# .
#.......# ..
#.......#
##.#######.......#
..........########
#.........#
#.....@Z.#
#........#
#........#
#........#
#.......>#
##########


You could see a wyvern skeleton.

Vanquished Creatures
  2 adders (D:2)
  2 oozes
  2 worms
  3 dart slugs (D:2)
  A giant gecko (D:3)
  3 giant cockroaches (D:1)
  8 goblins
  4 hobgoblins
  4 jackals (D:2)
  A quokka (D:2)
  7 bats
  2 giant newts
  5 kobolds
  5 rats
49 creatures vanquished.

Notes
Turn   | Place    | Note
--------------------------------------------------------------
     0 | D:1      | magog001 the Formicid Fighter began the quest for the Orb.
     0 | D:1      | Reached XP level 1. HP: 18/18 MP: 1/1
   166 | D:1      | Found a shattered altar of Ashenzari.
   195 | D:1      | Reached XP level 2. HP: 22/24 MP: 2/2
   395 | D:1      | Reached XP level 3. HP: 29/29 MP: 3/3
   671 | D:2      | Found a faded altar to an unknown god.
   730 | D:2      | Reached XP level 4. HP: 12/35 MP: 4/4
  1743 | D:3      | Slain by a wyvern skeleton

Skill      XL: |  1  2  3 |
---------------+----------+-----
Shields        | 4 |  4.4
Armour         | 4 |  4.1
Fighting       | |  3.5
Axes           | |  2.8
Dodging        | |  0.8

Action                   |  1- 3 |  4- 6 || total
-------------------------+-------+-------++-------
Melee: War axe           |    77 |    61 ||   138
Throw: Javelin           |     1 |       ||     1
 Abil: Dig               |       |     1 ||     1
  Use: Potion            |       |     1 ||     1
  Eat: Bread ration      |       |     1 ||     1
Armor: Scale mail        |    35 |    21 ||    56
Dodge: Dodged            |    27 |    15 ||    42
Block: Shield            |    46 |    35 ||    81
